 Dungeon Crawl Stone Soup version 0.29.1-14-g9c671dbff4 (webtiles) character file.

Game seed: 14476259357963177819

11 protoss039 the Digger (level 2, 9/20 HPs)
             Began as a Demonspawn Earth Elementalist on Feb 16, 2023.
             Got out of the dungeon alive.
             The game lasted 00:00:55 (391 turns).

protoss039 the Digger (DsEE)                         Turns: 391, Time: 00:00:56

Health: 9/20       AC:  4    Str:  8    XL:     2   Next: 17%
Magic:  3/5        EV: 12    Int: 16    God:
Gold:   0          SH:  0    Dex: 13    Spells: 4/5 levels left

rFire   . . .      SeeInvis .   (no weapon)
rCold   . . .      Faith    .   (no shield)
rNeg    . . .      Spirit   .   a - +0 robe
rPois   .          Reflect  .   (no helmet)
rElec   .          Harm     .   (no cloak)
rCorr   .          Rampage  .   (no gloves)
Will    .....                   (no boots)
Stlth   ++........              (no amulet)
HPRegen 0.06/turn               (no ring)
MPRegen 0.09/turn               (no ring)

@: no status effects
A: slimy green scales 1
a: no special abilities


You escaped.
You visited 1 branch of the dungeon, and saw 2 of its levels.

Inventory:

Armour
 a - a +0 robe (worn)
Potions
 b - a potion of magic
 c - a potion of degeneration {unknown}


   Skills:
 + Level 0.9 Fighting
 - Level 1.7 Dodging
 - Level 1.7 Stealth
 + Level 2.2 Spellcasting
 - Level 0.8 Transmutations
 + Level 2.9 Earth Magic


You had 4 spell levels left.
You knew the following spells:

 Your Spells              Type           Power      Damage    Failure   Level
a - Sandblast             Erth           22%        2d7       6%          1

Your spell library contained the following spells:

 Spells                   Type           Power      Damage    Failure   Level
 Passwall                 Tmut/Erth      5%         N/A       14%         2
 Stone Arrow              Conj/Erth      12%        3d7       32%         3
 Petrify                  Tmut/Erth      7%         N/A       67%         4


Dungeon Overview and Level Annotations

Branches:
Dungeon (2/15) Zot: 11602

Altars:


Innate Abilities, Weirdness & Mutations

You are partially covered in slimy green scales. (AC +2)


Message History

The ball python bites you but does no damage.
The ball python barely misses you.
The ball python bites you but does no damage.
The ball python barely misses you. The quokka closely misses you.
There is an open door here.
Casting: Sandblast (safe; 6% risk of failure)
Confirm with . or Enter, or press ? or * to list all spells.
Aiming: Sandblast (safe; 6% risk of failure)
Press: ? - help, Shift-Dir - straight line, f - ball python, p - quokka
Aim: a ball python (80% to hit)
The blast of sand hits the quokka.
You kill the quokka!
The ball python misses you. The ball python grabs you.
The ball python constricts you.
Unknown command.
Unknown command.
You escape the ball python's grasp.
There is an open door here.
The ball python attacks as you move away!
The ball python barely misses you. x2; The ball python closely misses you.
The ball python attacks as you move away!
The ball python misses you.
The ball python attacks as you move away!
The ball python misses you.
The ball python attacks as you move away!
The ball python closely misses you. The ball python misses you.
The ball python barely misses you.
Casting: Sandblast (safe; 6% risk of failure)
Confirm with . or Enter, or press ? or * to list all spells.
Aiming: Sandblast (safe; 6% risk of failure)
Press: ? - help, Shift-Dir - straight line, f/p - ball python
Aim: a ball python (80% to hit)
The blast of sand hits the ball python!
You kill the ball python!
Unknown command.
There is an open gate here.
There is a staircase leading out of the dungeon here.
Are you sure you want to leave the Dungeon?
This will make you lose the game!
You have escaped!

###############
#......@......#
#.............#
##...#####...##
#...## ##...#
##...# #...##
#######
#...###...#
#......
##...#...##
#......
#...#...#
+......
##.....##
#......


There were no monsters in sight!

Vanquished Creatures
  A dart slug (D:1)
  An endoplasm (D:1)
  2 giant cockroaches (D:1)
  A quokka (D:1)
  3 ball pythons
  A frilled lizard (D:1)
9 creatures vanquished.

Notes
Turn   | Place    | Note
-------+----------+-------------------------------------------
     0 | D:1      | protoss039 the Demonspawn Earth Elementalist began the
                  | quest for the Orb.
     0 | D:1      | Reached XP level 1. HP: 13/13 MP: 3/3
   334 | D:2      | Gained mutation: You are partially covered in slimy green
                  | scales. (AC +2) [demonic ancestry]
   334 | D:2      | Reached XP level 2. HP: 10/20 MP: 0/5
   391 | D:$      | Got out of the dungeon alive.

Illustrated notes

Levels and vault maps discovered:
D:1:      lemuel_arrival_funnel, layout_basic, serial_shops, nicolae_shop_stone,
          basic_ecumenical_altar, serial_park_tiny_pond
D:2:      cheibrodos_pilgrimage, layout_basic, basic_altar, serial_rivers,
          chequers_serial_rivers_micro_a, chequers_serial_rivers_small_a,
          chequers_serial_rivers_room_a, chequers_serial_rivers_micro_b,
          chequers_serial_rivers_room_b, chequers_serial_rivers_large_b,
          uniq_sigmund

Action                   || total
-------------------------++-------
Melee: Unarmed           ||    10
 Cast: Sandblast         ||    13
Armor: Robe              ||    15
Dodge: Dodged            ||    50
